 Dungeon Crawl Stone Soup version 0.29-a0-837-g174bc33265 (webtiles) character file.

Game seed: 8969680719191296410

124 27snakeeyes612 the Cudgeller (level 4, 0/45 HPs)
             Began as a Troll Berserker on July 13, 2022.
             Was a Believer of Trog.
             Slain by an ufetubus (4 damage)
             ... on level 4 of the Dungeon.
             The game lasted 00:01:58 (2334 turns).

27snakeeyes612 the Cudgeller (Troll Berserker)      Turns: 2334, Time: 00:01:58

Health: 0/45       AC:  4    Str: 27    XL:     4   Next: 81%
Magic:  3/3        EV: 10    Int:  3    God:    Trog [**....]
Gold:   195        SH:  0    Dex:  9    Spells: 3/3 levels left

rFire   . . .      SeeInvis .     - Unarmed
rCold   . . .      Faith    .   (no shield)
rNeg    . . .      Spirit   .   b - +0 animal skin
rPois   .          Reflect  .   (helmet restricted)
rElec   .          Harm     .   (no cloak)
rCorr   .          Rampage  .   (gloves unavailable)
Will    .....                   (boots unavailable)
Stlth   +.........              (no amulet)
HPRegen 0.95/turn               (no ring)
MPRegen 0.08/turn               (no ring)

@: no status effects
A: large, unfitting armour, claws 3, regeneration 1, shaggy fur 1, tough skin 1
a: Renounce Religion, Berserk, Trog's Hand


You were on level 4 of the Dungeon.
You worshipped Trog.
Trog was pleased with you.
You visited 1 branch of the dungeon, and saw 4 of its levels.

You collected 195 gold pieces.

Inventory:

Hand Weapons
 a - a +0 mace
 u - a +0 morningstar
Missiles
 e - 43 stones (quivered)
 g - 5 poisoned darts
 v - 4 large rocks
Armour
 b - a +0 animal skin (worn)
Jewellery
 s - an amulet of regeneration
 t - a ring of magical power
Wands
 o - a wand of charming (8)
Scrolls
 c - 2 scrolls of blinking {unknown}
 f - 3 scrolls of teleportation {unknown}
 h - 3 scrolls of identify {unknown}
 i - a scroll of immolation {unknown}
 q - a scroll of magic mapping {unknown}
Potions
 d - a potion of magic {unknown}
 j - a potion of attraction {unknown}
 k - a potion of haste {unknown}
 l - 3 potions of flight {unknown}
 m - a potion of resistance {unknown}
 p - 2 potions of mutation {unknown}
 r - a potion of curing {unknown}
 w - a potion of berserk rage {unknown}


   Skills:
 + Level 3.0 Fighting
 + Level 3.2 Maces & Flails
 + Level 1.5 Throwing
 + Level 3.0 Dodging
 + Level 1.8 Unarmed Combat


You had 3 spell levels left.
You didn't know any spells.
Your spell library was empty.

Dungeon Overview and Level Annotations

Branches:
Dungeon (4/15)
 Temple: D:4-7

Altars:
Xom
Zin
The Shining One


Innate Abilities, Weirdness & Mutations

You are too large for most types of armour.
You have claws for hands.
Your natural rate of healing is unusually fast.
You are covered in fur. (AC +1)
You have tough skin. (AC +1)


Message History

You scratch the black bear.
The black bear is almost dead.
The ufetubus hits you. The ufetubus barely misses you.
The black bear goes berserk!
The ufetubus closely misses you. The ufetubus hits you. x2
The ufetubus hits you but does no damage.
You scratch the black bear.
The black bear is almost dead.
The ufetubus hits you but does no damage.
The ufetubus barely misses you. The black bear bites you.
The black bear claws you. x2; The ufetubus misses you.
The ufetubus hits you. The black bear closely misses you.
The black bear claws you but does no damage.
The black bear claws you.
* * * LOW HITPOINT WARNING * * *
The ufetubus hits you.
* * * LOW HITPOINT WARNING * * *
The ufetubus hits you but does no damage.
You scratch the black bear.
You claw the black bear, but do no damage.
The black bear is almost dead.
The ufetubus hits you but does no damage.
The ufetubus misses you.
The black bear bites you but does no damage.
The black bear claws you but does no damage.
The black bear completely misses you. The ufetubus hits you.
* * * LOW HITPOINT WARNING * * *
The ufetubus hits you.
* * * LOW HITPOINT WARNING * * *
The ufetubus barely misses you. The ufetubus hits you.
* * * LOW HITPOINT WARNING * * *
You claw the black bear!
You kill the black bear!
Trog accepts your kill. The ufetubus hits you.
* * * LOW HITPOINT WARNING * * *
The ufetubus barely misses you. The ufetubus misses you.
The ufetubus hits you but does no damage.
The ufetubus closely misses you. The ufetubus hits you.
You die...

.# .## ..#.#.#
###+######.......
#.........#
#.#.#####.#
#.#.## #.#
#####...5## #<#
.......@..# #.#
#####.5†...##.#
#>..###...# ###.#
.... #.# .### #..
# #.# #.#


You could see 2 ufetubi.

Vanquished Creatures
  A black bear (D:4)
  An orc wizard (D:3)
  3 adders
  2 worms
  4 dart slugs
  4 orcs (D:3)
  A bat (D:3)
  5 endoplasms
  7 giant cockroaches
  5 goblins
  3 hobgoblins
  6 kobolds
  5 quokkas
  3 ball pythons
  2 frilled lizards (D:2)
  2 rats (D:3)
54 creatures vanquished.

Notes
Turn   | Place    | Note
-------+----------+-------------------------------------------
     0 | D:1      | 27snakeeyes612 the Troll Berserker began the quest for the
                  | Orb.
     0 | D:1      | Reached XP level 1. HP: 22/22 MP: 0/0
   157 | D:1      | Reached XP level 2. HP: 29/29 MP: 1/1
   821 | D:2      | Reached XP level 3. HP: 36/36 MP: 2/2
   828 | D:2      | Reached skill level 1 in Unarmed Combat
   839 | D:2      | Found a shimmering altar of Xom.
   885 | D:2      | Reached ** piety under Trog
   892 | D:2      | Reached skill level 1 in Throwing
  1503 | D:3      | Reached XP level 4. HP: 34/44 MP: 3/3
  1573 | D:3      | Noticed an eye of devastation
  1576 | D:3      | Noticed a great orb of eyes
  1578 | D:3      | Found a faded altar of an unknown god.
  1580 | D:3      | Noticed a floating eye
  1652 | D:3      | Found a large runed translucent door.
  1653 | D:3      | Found a large runed translucent door.
  2040 | D:3      | Noticed a golden eye
  2118 | D:3      | Identified the +4 ring mail of Inevitability {Fly Regen+
                  | Int+4}
  2245 | D:3      | Found a glowing golden altar of the Shining One.
  2256 | D:3      | Found a glowing silver altar of Zin.
  2320 | D:4      | Noticed a black bear
  2334 | D:4      | Killed a black bear
  2334 | D:4      | Slain by an ufetubus

Illustrated notes

Levels and vault maps discovered:
D:1:      minmay_arrival_wavy_path, layout_loops_cross
D:2:      layout_rooms, basic_altar, dk_noncrumbling_4, minivault_11
D:3:      layout_loops_corners, jmf_multi_god_temple2,
          hellmonk_ecumenical_altar_watching_god, minivault_24
D:4:      layout_loops_corners, nzn_wu_jian_contemplation

Skill      XL: |  1  2  3  4 |
---------------+-------------+-----
Unarmed Combat | 1 |  1.8
Maces & Flails | 3 |  3.2
Throwing       | 1 |  1.5
Dodging        | 3 |  3.0
Fighting       | 3 |  3.0

Action                   |  1- 3 |  4- 6 || total
-------------------------+-------+-------++-------
Melee: Unarmed           |   108 |    75 ||   183
       Punch             |       |     3 ||     3
Throw: Stone             |       |     5 ||     5
       Throwing net      |       |     1 ||     1
 Stab: Sleeping          |       |     1 ||     1
Armor: Animal skin       |    19 |    33 ||    52
Dodge: Dodged            |    53 |    54 ||   107

Table legend: (Time is in decaauts)
 A = Elapsed time spent in this place.
 B = Non-inter-level travel time spent in this place.
 C = Inter-level travel time spent in this place.
 D = Time resting spent in this place.
 E = Time spent auto-exploring this place.
 F = Levels seen in this place.
 G = Mean time per level.
                   A        B        C        D        E       F      G
               +--------+--------+--------+--------+--------+-----+--------+
         Total |   2329 |   2210 |    119 |      0 |   1852 |   4 |  582.2 |
       Dungeon |   2329 |   2210 |    119 |      0 |   1852 |   4 |  582.2 |
               +--------+--------+--------+--------+--------+-----+--------+

Top non-repeatable levels by time:
     D:3: 1024 daAuts
     D:1: 799 daAuts
     D:2: 480 daAuts
     D:4: 24 daAuts
